 Dungeon Crawl Stone Soup version 0.27-a0-1060-gcb85b5eba1 (webtiles) character file.

Game seed: 4958205481245293198

173 night the Insei (level 5, 0/34 HPs)
             Began as an Octopode Transmuter on Apr 21, 2021.
             Slain by an orc
             ... wielding a +0 club
              (3 damage)
             ... on level 4 of the Dungeon.
             The game lasted 00:05:11 (3308 turns).

night the Insei (Octopode Transmuter)               Turns: 3308, Time: 00:05:12

Health: 0/34       AC:  5    Str: 11    XL:     5   Next: 53%
Magic:  8/8        EV: 10    Int: 15    God:
Gold:   84         SH:  7    Dex: 12    Spells: 4/8 levels left

rFire    . . .     SeeInvis .     - Unarmed
rCold    + . .     Faith    .   r - +0 kite shield
rNeg     . . .     Spirit   .   (helmet restricted)
rPois    .         Reflect  .   (no amulet)
rElec    .         Harm     .   b - ring of willpower
rCorr    .         Rampage  .   m - ring of protection from cold
Will     +....                  q - +4 ring of protection
Stlth    ++........             (no ring)
HPRegen  0.11/turn              (no ring)
MPRegen  0.11/turn              (no ring)
                                (no ring)
                                (no ring)

@: no status effects
A: almost no armour, amphibious, 8 rings, camouflage 1, gelatinous body 1,
(nimble swimmer 1), tentacles
a: no special abilities


You were on level 4 of the Dungeon.
You visited 1 branch of the dungeon, and saw 4 of its levels.

You collected 84 gold pieces.

Inventory:

Missiles
 a - 190 stones
 f - 31 bolts
 h - 64 arrows
 o - 20 sling bullets
Armour
 r - a +0 kite shield (worn)
Jewellery
 b - a ring of willpower (left tentacle)
 m - a ring of protection from cold (right tentacle)
 n - a ring of poison resistance
 q - a +4 ring of protection (on tentacle)
Scrolls
 d - 2 scrolls of teleportation {unknown}
 i - 2 scrolls of identify {unknown}
 j - a scroll of blinking {unknown}
 l - a scroll of immolation {unknown}
 p - a scroll of fog {unknown}
Potions
 c - a potion of ambrosia {unknown}
 e - 3 potions of curing {unknown}
 g - 2 potions of haste {unknown}
 k - 3 potions of degeneration {unknown}


   Skills:
 - Level 2.1 Fighting
 - Level 2.0 Dodging
 + Level 1.8 Shields
 + Level 4.8 Unarmed Combat
 - Level 2.0 Spellcasting
 - Level 2.8 Transmutations


You had 4 spell levels left.
You knew the following spells:

 Your Spells              Type           Power      Damage    Failure   Level
a - Beastly Appendage     Tmut           20%        N/A       36%         1
b - Spider Form           Tmut/Pois      2%         N/A       89%         3

Your spell library contained the following spells:

 Spells                   Type           Power      Damage    Failure   Level
 Wereblood                Tmut           10%        N/A       50%         2
 Ice Form                 Ice/Tmut       5%         N/A       100%        4
 Hydra Form               Tmut           5%         N/A       100%        5


Dungeon Overview and Level Annotations

Branches:
Dungeon (4/15)
 Temple: D:4-7

Altars:


Innate Abilities, Weirdness & Mutations

You cannot wear most types of armour.
You are amphibious.
You can wear up to eight rings at the same time.
Your skin changes colour to match your surroundings (Stealth+).
Your rubbery body absorbs attacks. (AC +1, EV +1)
((You are camouflaged near water. (Stealth+)))
You have tentacles for arms and can constrict up to eight enemies at once.


Message History

Your tentacle spike disappears.
An orc comes into view. It is wielding a +0 dagger.
The orc priest calls down the wrath of Beogh upon you.
Beogh smites you!
You are too injured to fight recklessly!
You tentacle-slap the orc priest. Your grab misses the orc priest.
The orc priest is lightly wounded.
The orc priest calls down the wrath of Beogh upon you.
You resist with some effort.
You barely miss the orc priest. Your grab misses the orc priest.
The orc priest is lightly wounded.
The orc priest hits you but does no damage.
An orc comes into view. It is wielding a +0 club.
The orc priest hits you with a +0 whip!
* * * LOW HITPOINT WARNING * * *
You tentacle-slap the orc priest but do no damage.
You grab the orc priest.
The orc priest is lightly wounded.
You constrict the orc priest.
The orc priest struggles to escape constriction.
You tentacle-slap the orc priest.
The orc priest is heavily wounded.
You constrict the orc priest.
The orc priest escapes!
You completely miss the orc priest. You grab the orc priest.
The orc priest is severely wounded.
You constrict the orc priest. The orc priest barely misses you.
You barely miss the orc priest.
The orc priest is almost dead.
You constrict the orc priest.
The orc priest miscasts a cantrip.
You block the orc's attack.
You release your grip on the orc priest.
The orc priest calls down the wrath of Beogh upon you.
You resist with some effort.
The orc hits you with a +1 falchion of holy wrath.
* * * LOW HITPOINT WARNING * * *
The orc closely misses you.
There is a stone staircase leading up here.
The orc hits you with a +0 club.
You die...

#### #.. ##.# ###
##### #..# .. ....#
##.#.## .# ###.#
##.##).##.## #.#
##..........##.. #.#
#.#.#..o........ #.#
##..#.##@...### #.#
##.#o#o.#### #.#
#.).o#.# #.#
#.#.##.# #.#
#......### ###.#
#####......# .#..###
#........#.#
......###.###....#.#
...................+


You could see 3 orcs.

Vanquished Creatures
  An ogre (D:4)
  2 adders
  3 dart slugs
  2 orcs
  2 endoplasms (D:1)
  4 giant cockroaches
  5 goblins
  6 hobgoblins
  7 jackals
  4 quokkas
  3 ball pythons
  5 bats
  6 frilled lizards
  4 kobolds
  5 rats
59 creatures vanquished.

Notes
Turn   | Place    | Note
-------+----------+-------------------------------------------
     0 | D:1      | night the Octopode Transmuter began the quest for the Orb.
     0 | D:1      | Reached XP level 1. HP: 13/13 MP: 3/3
    44 | D:1      | Reached XP level 2. HP: 12/18 MP: 3/5
   637 | D:1      | Found a faded altar of an unknown god.
   900 | D:1      | Reached XP level 3. HP: 23/23 MP: 4/6
  1579 | D:2      | Learned a level 3 spell: Spider Form
  2032 | D:2      | Reached skill level 4 in Unarmed Combat
  2043 | D:2      | Reached XP level 4. HP: 29/29 MP: 7/7
  2358 | D:3      | Reached skill level 2 in Fighting
  3261 | D:4      | Noticed an ogre
  3270 | D:4      | Killed an ogre
  3271 | D:4      | Reached skill level 1 in Shields
  3271 | D:4      | Reached XP level 5. HP: 20/34 MP: 8/8
  3303 | D:4      | HP: 3/34 [orc/+1 falchion of holy wrath (6)]
  3308 | D:4      | Slain by an orc

Illustrated notes

Levels and vault maps discovered:
D:1:      minmay_arrival_jagged, layout_loops_ring,
          hellmonk_ecumenical_altar_lost_god, grunt_decor_mini_mirrors
D:2:      layout_loops_ring
D:3:      layout_loops_ring
D:4:      layout_loops_corners, biasface_ghost_orc_armoury

Skill      XL: |  1  2  3  4 |
---------------+-------------+-----
Unarmed Combat | 4 |  4.8
Fighting       | 2 |  2.1
Shields        | 1 |  1.8
Dodging        | |  2.0
Spellcasting   | |  2.0
Transmutations | |  2.8

Action                   |  1- 3 |  4- 6 || total
-------------------------+-------+-------++-------
Melee: Unarmed           |    76 |    46 ||   122
       Constrict         |    22 |     9 ||    31
       Tentacles         |    18 |     6 ||    24
       Kick              |    10 |    10 ||    20
       Punch             |     2 |       ||     2
 Cast: Beastly Appendage |    19 |    19 ||    38
 Stab: Sleeping          |     2 |     5 ||     7
Armor: Skin              |     8 |     2 ||    10
Dodge: Dodged            |    45 |    22 ||    67
Block: Kite shield       |       |     4 ||     4

Table legend: (Time is in decaauts)
 A = Elapsed time spent in this place.
 B = Non-inter-level travel time spent in this place.
 C = Inter-level travel time spent in this place.
 D = Time resting spent in this place.
 E = Time spent auto-exploring this place.
 F = Levels seen in this place.
 G = Mean time per level.
                   A        B        C        D        E       F      G
               +--------+--------+--------+--------+--------+-----+--------+
         Total |   3300 |   3237 |     63 |     22 |   2756 |   4 |  825.0 |
       Dungeon |   3300 |   3237 |     63 |     22 |   2756 |   4 |  825.0 |
               +--------+--------+--------+--------+--------+-----+--------+

Top non-repeatable levels by time:
     D:1: 1287 daAuts
     D:2: 995 daAuts
     D:3: 861 daAuts
     D:4: 156 daAuts
